 Dungeon Crawl Stone Soup version 0.15.0-27-gbdb0435 (console) character file.

4167 gw the Grappler (level 10, -10/98 HPs)
             Began as a Troll Monk on Sept 11, 2014.
             Was a Believer of Qazlal.
             Mangled by a six-headed hydra simulacrum (15 damage)
             ... on Level 8 of the Dungeon.
             The game lasted 00:08:54 (10798 turns).

gw the Grappler (Troll Monk)                       Turns: 10798, Time: 00:08:54

HP -10/98        AC 10     Str 21      XL: 10   Next:  7%
MP  11/11        EV 12     Int  6      God: Qazlal [**....]
Gold 0           SH  3     Dex 15      Spells:  0 memorised,  9 levels left

rFire  . . .     SeeInvis .       - Unarmed
rCold  + . .     Clarity  +     a - +2 robe
rNeg   . . .     rCorr    .     (shield restricted)
rPois  .         rRot     .     (helmet restricted)
rElec  .         Spirit   .     h - +2 cloak
SustAb .         Warding  .     (gloves unavailable)
rMut   .         Rnd*Tele +     (boots unavailable)
Gourm  +                        f - cursed amulet of clarity
MR     .....                    m - ring of protection from cold
                                g - cursed ring of teleportation

@: not resistant to hostile enchantments, very unstealthy
A: unfitting armour, claws 3, fast metabolism 3, gourmand, regeneration 2,
saprovore 2, shaggy fur 1, tough skin 2
a: Upheaval, Renounce Religion, Evoke Teleportation


You were on level 8 of the Dungeon.
You worshipped Qazlal.
Qazlal was pleased with you.
You were not hungry.

You visited 2 branches of the dungeon, and saw 9 of its levels.

Inventory:

Missiles
 e - 81 stones
 t - 3 tomahawks (quivered)
Armour
 a - a +2 robe (worn)
 h - a +2 cloak (worn)
Magical devices
 k - a wand of paralysis (6) {unknown}
 o - a wand of slowing (18)
 r - a wand of teleportation (3) {unknown}
Comestibles
 b - 8 meat rations
 d - a slice of pizza
 i - 2 bread rations
 l - 2 beef jerkies
Scrolls
 c - 6 scrolls of remove curse
 n - 2 scrolls of enchant armour
 p - a scroll of enchant weapon
 q - 3 scrolls of identify
 u - 2 scrolls of random uselessness {unknown}
Jewellery
 f - a cursed amulet of clarity (around neck)
 g - a cursed ring of teleportation (left claw)
 m - a ring of protection from cold (right claw)
Potions
 j - 3 potions of heal wounds
 s - 2 potions of resistance


   Skills:
 + Level 6.1 Fighting
 + Level 5.5 Throwing
 + Level 5.4 Dodging
 - Level 1.1 Stealth
 + Level 9.2 Unarmed Combat
 * Level 4.5 Invocations


You had 9 spell levels left.
You didn't know any spells.

Dungeon Overview and Level Annotations

Branches:
Dungeon (8/15)             Temple (1/1) D:7
   Lair: D:8-11

Altars:
Ashenzari
Cheibriados
Dithmenos
Elyvilon
Fedhas
Kikubaaqudgha
Makhleb
Nemelex Xobeh
Okawaru
Qazlal
Sif Muna
Trog
Vehumet
Xom
Yredelemnul
Zin
The Shining One

Shops:
D:8 [

Annotations:
D:2 exclusion: 2 downstairs
D:6 exclusion: 2 downstairs


Innate Abilities, Weirdness & Mutations

You are too large for most types of armour.
You have claws for hands.
Your metabolism is lightning-fast.
You like to eat raw meat.
You heal very quickly.
You can eat rotten meat.
You are covered in fur (AC +1).
You have very tough skin (AC +2).


Message History

The six-headed hydra simulacrum freezes you!
You resist.
The six-headed hydra simulacrum closely misses you.
The six-headed hydra simulacrum bites you but does no damage.
The six-headed hydra simulacrum bites you.
The six-headed hydra simulacrum freezes you!
You resist.
The six-headed hydra simulacrum bites you but does no damage. x2
MOVING TO (1,3) MOVING TO (1,2) MOVING TO (2,1)
You block the six-headed hydra simulacrum's attack.
The six-headed hydra simulacrum closely misses you.
The six-headed hydra simulacrum bites you but does no damage.
The six-headed hydra simulacrum closely misses you.
The six-headed hydra simulacrum misses you.
The six-headed hydra simulacrum bites you.
The six-headed hydra simulacrum freezes you!
You resist.
You die...

...#....#.....#...###.########.#
...#.####.....#.....#.# #.#
...#'####.....#.....#.# #.#
..............#.....#.# #.#
..........##'##.....#.# #.#
#.........##.##.Z...#.# #.#
..#.......##.##.......# #.#
..........##.....¤.###########.#
##.........#...ZT...........>..#
##.........#....#......#########
.#.#.......#.#'##......#
.#.#.......#.#'##....:.#
.#.#......¤.....#......#
.#.#.......$....#......#
.#'##...........#......#
......######....#......###
.............#+##........#


You could see a six-headed hydra simulacrum and a gnoll skeleton.

Table legend:
 A = Turns spent in this place as a percentage of turns spent in the entire game.
 B = Non-inter-level travel turns spent in this place as a percentage of non-inter-level travel turns spent in the entire game.
 C = Inter-level travel turns spent in this place as a percentage of turns spent in this place.
 D = Turns resting spent in this place as a percentage of non-inter-level travel turns spent in this place.
 E = Turns spent auto-exploring this place as a percentage of non-inter-level travel turns spent in this place.
 F = Non-inter-level travel turns spent in this place divided by the number of levels of this place that you've seen.
                   A       B       C       D       E      F
               +-------+-------+-------+-------+-------+----------------------
         Total | 100.0 | 100.0 |   4.0 |   1.7 |   9.4 | 488.4
       Dungeon |  98.5 |  98.5 |   4.1 |   1.7 |   9.3 | 541.1
        Temple |   1.5 |   1.5 |   1.5 |   0.0 |  14.9 |  67.0
               +-------+-------+-------+-------+-------+----------------------

Table legend:
 A = Kills in this place as a percentage of kills in entire the game.
 B = Kills by you in this place as a percentage of kills by you in the entire game.
 C = Kills by friends in this place as a percentage of kills by friends in the entire game.
 D = Other kills in this place as a percentage of other kills in the entire game.
 E = Experience gained in this place as a percentage of experience gained in the entire game.
 F = Experience gained in this place divided by the number of levels of this place that you have seen.
                   A       B       C       D       E      F
               +-------+-------+-------+-------+-------+----------------------
         Total | 100.0 | 100.0 |  -nan |  -nan | 100.0 | 661.4
       Dungeon | 100.0 | 100.0 |  -nan |  -nan | 100.0 | 744.1
               +-------+-------+-------+-------+-------+----------------------

Vanquished Creatures
  The ghost of gw the Ruffian, an experienced TrMo of Qazlal (D:8)
  A cyclops (shapeshifter) (D:8)
  An octopode (shapeshifter) (D:8)
  Eustachio (D:4)
  Edmund (D:7)
  Menkaure (D:4)
  2 orc warriors
  An ice beast (D:7)
  2 phantoms
  A centaur (D:4)
  4 ogres
  Sigmund (D:2)
  5 giant frogs
  A wyvern skeleton (D:7)
  A scorpion (D:5)
  3 killer bees (D:7)
  3 crimson imps
  3 orc priests
  Crazy Yiuf (D:7)
  5 orc wizards
  Natasha (thrice) (D:4)
  An iguana (D:8)
  6 worker ants
  2 killer bee zombies
  Ijyb (D:6)
  3 gnolls (D:5)
  8 adders
  An inept feature mimic (D:6)
  A shadow imp (D:7)
  A white imp (D:4)
  3 giant mites
  An inept item mimic (D:4)
  2 worms
  An adder skeleton (D:4)
  An orc skeleton (D:4)
  2 giant geckos
  22 orcs
  15 bats
  A bat zombie (D:6)
  15 goblins
  14 hobgoblins
  4 oozes
  A ball python (D:3)
  7 giant cockroaches
  A giant cockroach zombie (D:5)
  A giant gecko zombie (D:7)
  7 giant newts
  10 jackals
  A jackal skeleton (D:4)
  10 kobolds
  A kobold zombie (D:6)
  6 quokkas
  22 rats
  A rat zombie (D:6)
215 creatures vanquished.

Notes
Turn   | Place    | Note
--------------------------------------------------------------
     0 | D:1      | gw, the Troll Monk, began the quest for the Orb.
     0 | D:1      | Reached XP level 1. HP: 22/22 MP: 1/1
   135 | D:1      | Found a shattered altar of Ashenzari.
   164 | D:1      | Reached XP level 2. HP: 29/29 MP: 1/1
   877 | D:1      | Reached skill level 1 in Throwing
  1315 | D:2      | Reached XP level 3. HP: 31/36 MP: 2/2
  1554 | D:2      | Noticed Sigmund
  1561 | D:2      | Killed Sigmund
  1561 | D:2      | Reached skill level 5 in Unarmed Combat
  1561 | D:2      | Reached XP level 4. HP: 3/45 MP: 2/2
  1869 | D:2      | Reached XP level 5. HP: 53/53 MP: 2/2
  2790 | D:3      | Noticed a phantom
  3455 | D:3      | Killed a phantom
  3455 | D:3      | Reached XP level 6. HP: 61/61 MP: 3/3
  3971 | D:4      | Noticed Natasha
  3981 | D:4      | Killed Natasha
  4002 | D:4      | Reached skill level 6 in Unarmed Combat
  4019 | D:4      | Noticed Menkaure
  4024 | D:4      | Killed Menkaure
  4024 | D:4      | Reached XP level 7. HP: 59/67 MP: 3/3
  4341 | D:4      | Noticed Natasha
  4342 | D:4      | Killed Natasha
  4525 | D:4      | Noticed Natasha
  4533 | D:4      | Killed Natasha
  4563 | D:4      | Noticed Eustachio
  4584 | D:4      | Killed Eustachio
  5056 | D:5      | Entered Level 5 of the Dungeon
  5114 | D:5      | Found a glowing golden altar of the Shining One.
  5115 | D:5      | Noticed an angel
  5156 | D:5      | Reached skill level 7 in Unarmed Combat
  5588 | D:5      | Reached XP level 8. HP: 71/79 MP: 3/3
  6182 | D:5      | Found a basalt altar of Yredelemnul.
  6210 | D:5      | Noticed a profane servitor
  6501 | D:6      | Found a sparkling altar of Nemelex Xobeh.
  6694 | D:6      | Noticed Ijyb
  6705 | D:6      | Killed Ijyb
  6983 | D:6      | Found an iron altar of Okawaru.
  7290 | D:7      | Reached skill level 8 in Unarmed Combat
  7420 | D:7      | Noticed Edmund
  7557 | D:7      | Killed Edmund
  7557 | D:7      | Reached skill level 5 in Fighting
  7748 | D:7      | Found a staircase to the Ecumenical Temple.
  7756 | Temple   | Entered the Ecumenical Temple
  7804 | Temple   | Became a worshipper of Qazlal Stormbringer
  7804 | Temple   | Acquired Qazlal's first power
  7804 | Temple   | Acquired Qazlal's second power
  8060 | D:6      | Reached XP level 9. HP: 88/88 MP: 4/4
  8191 | D:7      | Reached skill level 1 in Invocations
  9287 | D:7      | Noticed Crazy Yiuf
  9293 | D:7      | Killed Crazy Yiuf
  9663 | D:8      | Found a shimmering altar of Xom.
  9663 | D:8      | Found a shimmering altar of Xom.
  9663 | D:8      | Noticed a draconian
  9686 | D:8      | Reached skill level 5 in Dodging
  9716 | D:8      | Noticed an octopode
  9725 | D:8      | Killed an octopode
  9725 | D:8      | Reached skill level 5 in Throwing
  9725 | D:8      | Reached skill level 9 in Unarmed Combat
  9750 | D:8      | Found a shimmering altar of Xom.
  9858 | D:8      | Noticed a cyclops
  9863 | D:8      | Killed a cyclops
 10233 | D:8      | Noticed gw's ghost (experienced TrMo)
 10364 | D:8      | Found a shimmering altar of Xom.
 10364 | D:8      | Found a shimmering altar of Xom.
 10364 | D:8      | Found a shimmering altar of Xom.
 10364 | D:8      | Found a shimmering altar of Xom.
 10467 | D:8      | Found Ghuag's Armour Shop.
 10535 | D:8      | Killed gw's ghost
 10535 | D:8      | Reached XP level 10. HP: 58/98 MP: 10/11
 10795 | D:8      | HP: 4/98 [six-headed hydra simulacrum (8)]
 10798 | D:8      | Mangled by a six-headed hydra simulacrum

Action                   |  1- 3 |  4- 6 |  7- 9 | 10-12 || total
-------------------------+-------+-------+-------+-------++-------
Melee: Unarmed           |    78 |   125 |   321 |       ||   524
Throw: Stone             |    85 |   146 |   252 |       ||   483
       Tomahawk          |       |       |     8 |       ||     8
Evoke: Wand              |       |       |     5 |       ||     5
  Use: Scroll            |     3 |     9 |    10 |       ||    22
       Potion            |     1 |     3 |     3 |       ||     7
 Stab: Sleeping          |       |     2 |       |       ||     2
  Eat: Chunk             |    20 |    22 |    56 |       ||    98

Vault maps used:
D:1:      minmay_arrival_jagged, serial_forest, infiniplex_forest_clump_tiny,
          infiniplex_forest_straight_1, infiniplex_forest_end_2,
          infiniplex_forest_lined_3, infiniplex_forest_clump_long,
          infiniplex_forest_lined_3, infiniplex_forest_end_2,
          infiniplex_forest_lined_2, kennysheep_decorative_pillar,
          evilmike_ruin_ashenzari
D:2:      kennysheep_generic_room_5, uniq_sigmund
D:4:      first_bread, minmay_tree_intersection, uniq_eustachio, uniq_menkaure,
          uniq_natasha
D:5:      grunt_temple_overflow_holy_war
D:6:      okawaru_trees_2, lemuel_round_altar, uniq_iyjb
D:7:      minmay_temple_entry_crystal_x, uniq_edmund, uniq_crazy_yiuf_cottage
D:8:      xom_shifter_show, serial_shops,
          nicolae_shop_temple_entry_statues_fountains, roderic_hopi_sauvastika
Temple:   triangle_lava_temple_11
